AoeStats
← JakeyHaHa

Lombardia

509502727Analyzed
2v2 RM · 6d ago on Sep 27, 2026· 51m 16s· 4 players
Game mode
Random Map
Map size
Medium (4 player)
Population
200
Speed
Normal
Resources
Standard
Victory
Conquest
Starting age
Dark Age
Ending age
Imperial Age
RankedLock teamsTeams togetherTeam positionsShared explorationLock speedFull tech treeHidden civsTurbo modeCheats
Victory
Defeat
🇺🇸 Slavs · United States
1068
+16
🇺🇸 Varangians · United States
1064
+16
🇧🇷 Persians · Brazil
1095
-17
🇩🇰 Goths · Denmark
1033
-15
Streetlamp Le Moose
6:11 Loom
9:35 Feudal Age
11:51 Forging
11:44 Double-Bit Axe
20:03 Castle Age
19:03 Horse Collar
20:29 Bloodlines
20:32 Scale Barding Armor
22:44 Gold Mining
23:16 Bow Saw
30:58 Iron Casting
30:44 Chain Barding Armor
31:00 Detinets
33:03 Wheelbarrow
32:13 Town Watch
32:35 Heavy Plow
36:50 Imperial Age
38:37 Elite Boyar
41:52 Hand Cart
41:37 Town Patrol
42:16 Plate Barding Armor
42:32 Husbandry
43:28 Elite Skirmisher
JakeyHaHa
7:34 Loom
10:04 Feudal Age
12:15 Double-Bit Axe
14:18 Bloodlines
14:39 Forging
20:44 Castle Age
19:08 Horse Collar
20:41 Scale Barding Armor
23:45 Iron Casting
23:31 Chain Barding Armor
25:15 Husbandry
27:01 Wheelbarrow
27:28 Bow Saw
39:23 Imperial Age
39:29 Hand Cart
39:24 Elite Jarl
41:10 Blast Furnace
47:43 Ballistics
GoatToke
0:31 Loom
12:35 Feudal Age
13:03 Double-Bit Axe
13:00 Horse Collar
13:59 Wheelbarrow
14:18 Town Watch
19:29 Castle Age
19:43 Forging
21:23 Squires
21:23 Fletching
22:24 Scale Mail Armor
24:59 Stone Mining
26:34 Bow Saw
27:50 Pikeman
29:14 Hand Cart
29:52 Anarchy
31:24 Iron Casting
31:29 Bodkin Arrow
35:49 Gold Mining
37:21 Ballistics
36:41 Treadmill Crane
37:27 Chain Mail Armor
40:30 Imperial Age
39:20 Masonry
41:32 Conscription
40:57 Elite Huskarl
41:40 Perfusion
43:03 Blast Furnace
42:22 Halberdier
47:24 Bracer
48:28 Two-Man Saw
Kybster
3:47 Loom
11:41 Feudal Age
21:00 Castle Age
19:08 Horse Collar
19:17 Double-Bit Axe
19:45 Horse Collar
20:57 Bloodlines
22:50 Wheelbarrow
23:04 Husbandry
28:38 Forging
30:50 Iron Casting
32:40 Fletching
34:04 Scale Barding Armor
39:29 Hand Cart
42:15 Imperial Age
39:40 Gold Mining
41:01 Chain Barding Armor
41:50 Pikeman
42:31 Squires
42:12 Cavalier
43:54 Blast Furnace
43:27 Conscription
42:53 Halberdier
43:50 Scale Mail Armor
44:44 Light Cavalry
47:32 Savar
48:10 Stone Mining
48:17 Elite Skirmisher
50:04 Chemistry
49:30 Padded Archer Armor
49:46 Chain Mail Armor
50:09 Kamandaran
50:46 Thumb Ring
50:35 Crossbowman
Connection lost

Rejoining the realm…

Still unreachable

The connection could not be restored.

Session expired

The server has moved on; the page needs a fresh start.